 Dungeon Crawl Stone Soup version 0.21.1-1-g345015fe64 (webtiles) character file.

219 KamiKatze the Chopper (level 5, 0/49 HPs)
             Began as a Deep Dwarf Fighter on Feb 25, 2018.
             Slain by a hippogriff (3 damage)
             ... on level 3 of the Dungeon.
             The game lasted 00:09:16 (2387 turns).

KamiKatze the Chopper (Deep Dwarf Fighter)          Turns: 2387, Time: 00:09:17

Health: 0/49       AC:  8    Str: 25    XL:     5   Next: 63%
Magic:  5/5        EV:  7    Int:  9    God:
Gold:   201        SH: 10    Dex: 12    Spells: 4/4 levels left

rFire    . . .     SeeInvis .   a - +0 war axe
rCold    . . .     Gourm    .   c - +0 shield
rNeg     . . .     Faith    .   b - +0 scale mail
rPois    .         Spirit   .   r - +0 helmet
rElec    .         Reflect  .   (no cloak)
rCorr    .         Harm     .   (no gloves)
MR       .....                  (no boots)
Stlth    ..........             (no amulet)
HPRegen  0.00/turn              (no ring)
MPRegen  0.09/turn              (no ring)

@: mighty, non-regenerating, drained
A: damage resistance, heal wounds, sense surroundings 1, no regeneration
a: Heal Wounds


You were on level 3 of the Dungeon.
You were not hungry.

You visited 1 branch of the dungeon, and saw 3 of its levels.

You collected 201 gold pieces.

Inventory:

Hand Weapons
 a - a +0 war axe (weapon)
 j - a +0 morningstar
 k - a +1 dagger of holy wrath
Missiles
 i - 127 stones (quivered)
 u - 13 poisoned needles
Armour
 b - a +0 scale mail (worn)
 c - a +0 shield (worn)
 m - a +0 chain mail
 o - a +0 large shield
 r - a +0 helmet (worn)
Scrolls
 g - 4 scrolls of remove curse
 l - 2 scrolls of amnesia
 n - a scroll of teleportation
 p - a scroll of identify
Potions
 e - 2 potions of lignification
 s - 2 potions of flight
 t - a potion of curing
Comestibles
 f - 4 rations


   Skills:
 + Level 3.5(3.3) Fighting
 * Level 4.5(4.2) Axes
 + Level 4.2(4.0) Armour
 + Level 4.2(4.0) Shields


You had 4 spell levels left.
You didn't know any spells.

Dungeon Overview and Level Annotations

Branches:
Dungeon (3/15)

Altars:
Cheibriados
Elyvilon
Zin


Innate Abilities, Weirdness & Mutations

You are resistant to damage.
You can heal yourself by infusing magical energy.
You passively map a small area around you.
You do not regenerate.


Message History

Okay, then.
You fail to use your ability.
The hippogriff barely misses you. The hippogriff pecks you.
The hippogriff claws you.
You feel very mighty all of a sudden.
You block the hippogriff's attack. x2; The hippogriff barely misses you.
You slash the hippogriff!
The hippogriff is moderately wounded.
The hippogriff bites you!
* * * LOW HITPOINT WARNING * * *
You block the hippogriff's attack. x2
The hippogriff bites you but does no damage.
The hippogriff pecks you.
* * * LOW HITPOINT WARNING * * *
The hippogriff claws you but does no damage.
You barely miss the hippogriff.
The hippogriff is moderately wounded.
The hippogriff bites you!
* * * LOW HITPOINT WARNING * * *
The hippogriff pecks you. The hippogriff claws you.
You die...

# ##.# #.# #.. ####### #.#
#.#######.# ......# #.#
#.#.....#.# #####.# ##.#
#.#.###.#.# #.# #..#
#.#...#.#.# #.# #.>#
#.#.#<#.#.# #.# ##.##
#.#H#.#.#.#
#.####.############.#.#.#.#.#
#...#.##..#.@Hg..##.#.#.#.#.#
#####.#.#.######.##.#.#...#.#
##.##.# #.##.#.......# ###.##
#.##.....##### ###.#.#
#g######.# #..##.# #.# #.#
#.##..# #.# #.# ###.### #.#
#.##### #_# #.# #(#....


You could see a hippogriff and a goblin.

Vanquished Creatures
  The ghost of Ludini the Slasher, an amateur FoFi (D:3)
  5 adders
  An ooze (D:2)
  2 worms
  4 dart slugs
  5 leopard geckos
  An orc (D:3)
  9 bats
  A giant cockroach (D:2)
  10 goblins
  7 hobgoblins
  4 jackals (D:3)
  8 kobolds
  A quokka (D:2)
  2 ball pythons
  3 frilled lizards
  5 rats
69 creatures vanquished.

Notes
Turn   | Place    | Note
-------+----------+-------------------------------------------
     0 | D:1      | KamiKatze the Deep Dwarf Fighter began the quest for the Orb.
     0 | D:1      | Reached XP level 1. HP: 20/20 MP: 1/1
   189 | D:1      | Reached XP level 2. HP: 27/27 MP: 2/2
   663 | D:1      | Reached XP level 3. HP: 29/33 MP: 3/3
   946 | D:2      | Found a glowing silver altar of Zin.
  1102 | D:2      | Reached XP level 4. HP: 27/42 MP: 4/4
  1299 | D:2      | Found a faded altar of an unknown god.
  1513 | D:2      | Found a snail-covered altar of Cheibriados.
  1616 | D:3      | Noticed a hippogriff
  1642 | D:3      | Noticed Ludini's ghost (amateur FoFi)
  1653 | D:3      | Killed Ludini's ghost
  1653 | D:3      | Reached XP level 5. HP: 20/49 MP: 5/5
  2200 | D:3      | Found a white marble altar of Elyvilon.
  2387 | D:3      | Slain by a hippogriff

Skill      XL: |  1  2  3  4 |
---------------+-------------+-----
Axes           | 3 4 |  4.5
Fighting       | 3 |  3.5
Armour         | 4 |  4.2
Shields        | 4 |  4.2

Action                   |  1- 3 |  4- 6 || total
-------------------------+-------+-------++-------
Melee: War axe           |   133 |    93 ||   226
Throw: Stone             |     5 |     1 ||     6
 Abil: Heal Wounds       |       |     1 ||     1
  Use: Scroll            |     1 |     8 ||     9
       Potion            |       |     1 ||     1
  Eat: Chunk             |     1 |     4 ||     5
Armor: Scale mail        |    68 |    48 ||   116
Dodge: Dodged            |    39 |    40 ||    79
Block: Shield            |    79 |    64 ||   143
